HBL
ASHEVILLE MOONSHINERS @ JACKSONVILLE SUNS
06/26/1997
 
TOP OF THE 1ST
Asheville Moonshiners batting - Pitching for Jacksonville Suns : RHP Mike Morgan
Pitching: RHP Mike Morgan
Batting: RHB Jermaine Allensworth 0-0: Fly out, F6 (Line Drive, 6, EV 66.9 MPH)
Batting: SHB Wilton Guerrero 0-0: Ball
1-0: Ball
2-0: Foul Ball, location: 2F
2-1: Foul Ball, location: 2F
2-2: Foul Ball, location: 2F
2-2: Ball
3-2: Base on Balls
Batting: LHB Randall Simon 0-0: Ball
Wilton Guerrero is caught stealing 2nd base 2-6
1-0: Ball
2-0: Ball
3-0: Called Strike
3-1: Fly out, F7 (Flyball, 7LS, EV 96.3 MPH)
Top of the 1st over - 0 runs, 0 hits, 0 errors, 0 left on base; Asheville 0 - Jacksonville 0
BOTTOM OF THE 1ST
Jacksonville Suns batting - Pitching for Asheville Moonshiners : RHP Ken Cloude
Pitching: RHP Ken Cloude
Batting: RHB Damon Buford 0-0: Ball
1-0: Foul Ball, location: 2F
1-1: Foul Ball, location: 2F
1-2: Foul Ball, location: 2F
1-2: Foul Ball, location: 2F
1-2: Ball
2-2: SINGLE (Flyball, 78M, EV 94.4 MPH)
Batting: RHB Chris Gomez 0-0: Called Strike
0-1: Ball
1-1: Ball
2-1: Ball
3-1: Called Strike
3-2: Foul Ball, location: 2F
3-2: SINGLE (Flyball, 9LS, EV 86.9 MPH)
Damon Buford to second
Runner from 2nd tries for 3rd, SAFE, no throw by RF
Batting: LHB Sean Casey 0-0: Swinging Strike
0-1: Called Strike
0-2: Strikes out swinging
Batting: RHB Ozzie Timmons 0-0: Foul Ball, location: 2F
0-1: Grounds into double play, 5-4-3 (Groundball, 56, EV 85.0 MPH)
Bottom of the 1st over - 0 runs, 2 hits, 0 errors, 1 left on base; Asheville 0 - Jacksonville 0
TOP OF THE 2ND
Asheville Moonshiners batting - Pitching for Jacksonville Suns : RHP Mike Morgan
Batting: RHB Chris Stynes 0-0: Ball
1-0: Ground out 5-3 (Groundball, 56S, EV 93.8 MPH)
Batting: RHB Aaron Boone 0-0: Ball
1-0: Ball
2-0: Swinging Strike
2-1: Ball
3-1: Fly out, F9 (Flyball, 89S, EV 73.1 MPH)
Batting: RHB Yamil Benitez 0-0: Called Strike
0-1: Ball
1-1: Ball
2-1: Ball
3-1: Called Strike
3-2: Fly out, F9 (Flyball, 9S, EV 82.5 MPH)
Top of the 2nd over - 0 runs, 0 hits, 0 errors, 0 left on base; Asheville 0 - Jacksonville 0
BOTTOM OF THE 2ND
Jacksonville Suns batting - Pitching for Asheville Moonshiners : RHP Ken Cloude
Batting: RHB Angel Echevarria 0-0: Called Strike
0-1: Ground out 4-3 (Groundball, 34, EV 99.4 MPH)
Batting: LHB Ryan McGuire 0-0: Called Strike
0-1: Ball
1-1: Called Strike
1-2: Foul Ball, location: 2F
1-2: Ball
2-2: Strikes out swinging
Batting: RHB Jeff Reboulet 0-0: Called Strike
0-1: Foul Ball, location: 2F
0-2: Foul Ball, location: 2F
0-2: Ground out 4-3 (Groundball, 4, EV 82.5 MPH)
Bottom of the 2nd over - 0 runs, 0 hits, 0 errors, 0 left on base; Asheville 0 - Jacksonville 0
TOP OF THE 3RD
Asheville Moonshiners batting - Pitching for Jacksonville Suns : RHP Mike Morgan
Batting: RHB Kevin L Brown 0-0: Called Strike
0-1: Ground out 1-3 (Groundball, 34S, EV 91.3 MPH)
Batting: RHB Rikkert Faneyte 0-0: Called Strike
0-1: Ground out 6-3 (Groundball, 6, EV 87.5 MPH)
Batting: RHB Deivi Cruz 0-0: Called Strike
0-1: Ball
1-1: Called Strike
1-2: Ball
2-2: Strikes out swinging
Top of the 3rd over - 0 runs, 0 hits, 0 errors, 0 left on base; Asheville 0 - Jacksonville 0
BOTTOM OF THE 3RD
Jacksonville Suns batting - Pitching for Asheville Moonshiners : RHP Ken Cloude
Batting: SHB Mandy Romero 0-0: Fly out, F6 (Popup, 6D, EV 56.3 MPH)
Batting: RHB Jorge Velandia 0-0: Called Strike
0-1: Ball
1-1: SINGLE (Groundball, 6, EV 98.1 MPH) (infield hit)
Batting: RHB Damon Buford 0-0: Fielders Choice at 2nd, 1-4 (Groundball, P, EV 85.0 MPH)
Batting: RHB Chris Gomez 0-0: Called Strike
0-1: Called Strike
0-2: Strikes out looking
Bottom of the 3rd over - 0 runs, 1 hit, 0 errors, 1 left on base; Asheville 0 - Jacksonville 0
TOP OF THE 4TH
Asheville Moonshiners batting - Pitching for Jacksonville Suns : RHP Mike Morgan
Batting: RHB Jermaine Allensworth 0-0: Called Strike
0-1: Ball
1-1: DOUBLE (Groundball, 5L, EV 110.0 MPH)
Batting: SHB Wilton Guerrero 0-0: Swinging Strike
0-1: Foul Ball, location: 2F
0-2: Ball
1-2: Fly out, F8 (Flyball, 8RM, EV 76.9 MPH)
Batting: LHB Randall Simon 0-0: Ball
Jermaine Allensworth steals 3rd base
1-0: Called Strike
1-1: SINGLE (Flyball, 89M, EV 88.8 MPH)
Jermaine Allensworth scores
Batting: RHB Chris Stynes 0-0: Ball
1-0: Ball
2-0: Called Strike
2-1: Ball
3-1: SINGLE (Groundball, 34D, EV 110.0 MPH)
Randall Simon to second
Runner from 2nd tries for 3rd, OUT! 9-5
Batting: RHB Aaron Boone 0-0: Called Strike
0-1: DOUBLE (Line Drive, 89XD, EV 108.1 MPH)
Chris Stynes to third
Runner from 3rd tries for Home, SAFE, throw by CF to trailing runner, SAFE at third!
Batting: RHB Yamil Benitez 0-0: SINGLE (Groundball, 56D, EV 100.6 MPH)
Aaron Boone scores
Batting: RHB Kevin L Brown 0-0: Called Strike
0-1: Ball
1-1: Ball
2-1: Fly out, F8 (Flyball, 8RD, EV 90.6 MPH)
Top of the 4th over - 3 runs, 5 hits, 0 errors, 1 left on base; Asheville 3 - Jacksonville 0
BOTTOM OF THE 4TH
Jacksonville Suns batting - Pitching for Asheville Moonshiners : RHP Ken Cloude
Batting: LHB Sean Casey 0-0: Foul Ball, location: 2F
0-1: Ball
1-1: Ball
2-1: Swinging Strike
2-2: Foul Ball, location: 2F
2-2: Strikes out swinging
Batting: RHB Ozzie Timmons 0-0: Ball
1-0: Called Strike
1-1: Fly out, F8 (Flyball, 8RS, EV 84.4 MPH)
Batting: RHB Angel Echevarria 0-0: Called Strike
0-1: Ground out 5-3 (Groundball, 5L, EV 85.0 MPH)
Bottom of the 4th over - 0 runs, 0 hits, 0 errors, 0 left on base; Asheville 3 - Jacksonville 0
TOP OF THE 5TH
Asheville Moonshiners batting - Pitching for Jacksonville Suns : RHP Mike Morgan
Batting: RHB Rikkert Faneyte 0-0: Ball
1-0: SINGLE (Line Drive, 9S, EV 93.8 MPH)
Batting: RHB Deivi Cruz 0-0: Called Strike
0-1: Bunt missed!
0-2: Fly out, F7 (Line Drive, 7, EV 95.6 MPH)
Batting: RHB Jermaine Allensworth 0-0: Called Strike
0-1: Ball
1-1: Fielders Choice at 2nd, 6-4 (Groundball, 6S, EV 80.6 MPH)
Batting: SHB Wilton Guerrero 0-0: Ball
1-0: Foul Ball, location: 2F
1-1: Ball
2-1: Reached on error, E1 (Groundball, P, EV 80.0 MPH)
Jermaine Allensworth to second
Batting: LHB Randall Simon 0-0: Ball
1-0: Ball
2-0: Ball
3-0: Called Strike
3-1: Base on Balls
Jermaine Allensworth to third
Wilton Guerrero to second
Batting: RHB Chris Stynes 0-0: Ball
1-0: Ball
2-0: Ball
3-0: Called Strike
3-1: Swinging Strike
3-2: SINGLE (Flyball, 89S, EV 93.1 MPH)
Jermaine Allensworth scores
Wilton Guerrero to third
Randall Simon to second
Wilton Guerrero scores
Randall Simon to third
Batting: RHB Aaron Boone 0-0: Ball
1-0: Ball
2-0: Ball
3-0: Called Strike
3-1: Called Strike
3-2: Foul Ball, location: 2F
3-2: Ground out 5-3 (Groundball, 5, EV 103.1 MPH)
Top of the 5th over - 2 runs, 2 hits, 1 error, 2 left on base; Asheville 5 - Jacksonville 0
BOTTOM OF THE 5TH
Jacksonville Suns batting - Pitching for Asheville Moonshiners : RHP Ken Cloude
Now in CF: Koichi Sekikawa
Batting: LHB Ryan McGuire 0-0: Ball
1-0: SINGLE (Groundball, 4MD, EV 105.6 MPH)
Batting: RHB Jeff Reboulet 0-0: Called Strike
0-1: SINGLE (Groundball, 4MS, EV 92.5 MPH) (infield hit)
Ryan McGuire to second
Batting: SHB Mandy Romero 0-0: Ball
1-0: Fly out, F8 (Flyball, 8LM, EV 78.1 MPH)
Batting: RHB Jorge Velandia 0-0: Called Strike
0-1: Fielders Choice at 2nd, 5-4 (Groundball, 56, EV 99.4 MPH)
Ryan McGuire to third
Batting: RHB Damon Buford 0-0: Ball
1-0: Foul Ball, location: 2F
1-1: Ball
2-1: Ball
3-1: Base on Balls
Jorge Velandia to second
Batting: RHB Chris Gomez 0-0: Called Strike
0-1: Ground out 2-3 (Groundball, 15S, EV 69.4 MPH)
Bottom of the 5th over - 0 runs, 2 hits, 0 errors, 3 left on base; Asheville 5 - Jacksonville 0
TOP OF THE 6TH
Asheville Moonshiners batting - Pitching for Jacksonville Suns : RHP Mike Morgan
Batting: RHB Yamil Benitez 0-0: Ball
1-0: Ball
2-0: Ball
3-0: Called Strike
3-1: SINGLE (Flyball, 7S, EV 91.3 MPH)
Batting: RHB Kevin L Brown 0-0: Ball
1-0: Grounds into double play, 5-4-3 (Groundball, 5, EV 85.6 MPH)
Batting: LHB Koichi Sekikawa 0-0: Called Strike
0-1: Ground out 5-3 (Groundball, 56, EV 90.0 MPH)
Top of the 6th over - 0 runs, 1 hit, 0 errors, 0 left on base; Asheville 5 - Jacksonville 0
BOTTOM OF THE 6TH
Jacksonville Suns batting - Pitching for Asheville Moonshiners : RHP Ken Cloude
Batting: LHB Sean Casey 0-0: Ball
1-0: Called Strike
1-1: Ball
2-1: Called Strike
2-2: Ball
3-2: Foul Ball, location: 2F
3-2: Base on Balls
Batting: RHB Ozzie Timmons 0-0: Called Strike
0-1: Ball
1-1: Ball
2-1: Fly out, F8 (Flyball, 8RS, EV 86.9 MPH)
Batting: RHB Angel Echevarria 0-0: Ball
1-0: Foul Ball, location: 2F
1-1: Ball
2-1: Ball
3-1: Foul Ball, location: 2F
3-2: Base on Balls
Sean Casey to second
Batting: LHB Ryan McGuire 0-0: Called Strike
0-1: Called Strike
0-2: Grounds into double play, 4-6-3 (Groundball, 4, EV 88.8 MPH)
Bottom of the 6th over - 0 runs, 0 hits, 0 errors, 1 left on base; Asheville 5 - Jacksonville 0
TOP OF THE 7TH
Asheville Moonshiners batting - Pitching for Jacksonville Suns : RHP Mike Morgan
Pitching: RHP Al Levine
Batting: RHB Deivi Cruz 0-0: Ball
1-0: Ball
2-0: Ball
3-0: Called Strike
3-1: Base on Balls
Batting: RHB Jermaine Allensworth 0-0: Called Strike
0-1: Ball
1-1: Ball
2-1: Ball
3-1: Base on Balls
Deivi Cruz to second
Pitching: RHP Shayne Bennett
Batting: SHB Wilton Guerrero 0-0: Ball
1-0: Bunted foul
1-1: Bunted foul
1-2: Foul Ball, location: 2F
1-2: SINGLE (Groundball, 56D, EV 100.6 MPH)
Deivi Cruz to third
Jermaine Allensworth to second
Batting: LHB Randall Simon 0-0: Called Strike
0-1: Foul Ball, location: 2F
0-2: Ball
1-2: SINGLE (Line Drive, 4D, EV 93.8 MPH)
Deivi Cruz scores
Jermaine Allensworth to third
Wilton Guerrero to second
Batting: RHB Chris Stynes 0-0: Ball
1-0: Ball
2-0: Ball
3-0: Base on Balls
Jermaine Allensworth scores
Wilton Guerrero to third
Randall Simon to second
Batting: RHB Aaron Boone 0-0: Swinging Strike
0-1: Called Strike
0-2: Foul Ball, location: 2F
0-2: Ball
1-2: Foul Ball, location: 2F
1-2: Ball
2-2: Strikes out swinging
Batting: RHB Yamil Benitez 0-0: Grounds into double play, 4-6-3 (Groundball, 4, EV 83.8 MPH)
Top of the 7th over - 2 runs, 2 hits, 0 errors, 2 left on base; Asheville 7 - Jacksonville 0
BOTTOM OF THE 7TH
Jacksonville Suns batting - Pitching for Asheville Moonshiners : RHP Ken Cloude
Batting: RHB Jeff Reboulet 0-0: Foul Ball, location: 2F
0-1: Ball
1-1: Called Strike
1-2: Strikes out swinging
Batting: SHB Mandy Romero 0-0: Foul Ball, location: 2F
0-1: Ball
1-1: Ball
2-1: Ground out 4-3 (Groundball, 4D, EV 87.5 MPH)
Batting: RHB Jorge Velandia 0-0: Ground out 4-3 (Groundball, 4M, EV 103.1 MPH)
Bottom of the 7th over - 0 runs, 0 hits, 0 errors, 0 left on base; Asheville 7 - Jacksonville 0
TOP OF THE 8TH
Asheville Moonshiners batting - Pitching for Jacksonville Suns : RHP Shayne Bennett
Batting: RHB Kevin L Brown 0-0: Ball
1-0: Called Strike
1-1: Ball
2-1: Ground out 5-3 (Groundball, 56, EV 85.0 MPH)
Batting: LHB Koichi Sekikawa 0-0: Ball
1-0: Fly out, F7 (Flyball, 7S, EV 86.9 MPH)
Pinch Hitting: RHB Shinya Miyamoto 0-0: Ball
1-0: Ground out 3-1 (Groundball, 34, EV 86.9 MPH)
Top of the 8th over - 0 runs, 0 hits, 0 errors, 0 left on base; Asheville 7 - Jacksonville 0
BOTTOM OF THE 8TH
Jacksonville Suns batting - Pitching for Asheville Moonshiners : RHP Ken Cloude
Now at SS: Shinya Miyamoto
Batting: RHB Damon Buford 0-0: Foul Ball, location: 2F
0-1: Swinging Strike
0-2: Foul Ball, location: 2F
0-2: Fly out, F8 (Flyball, 8LD, EV 95.6 MPH)
Batting: RHB Chris Gomez 0-0: Called Strike
0-1: Foul Ball, location: 2F
0-2: Ball
1-2: Foul Ball, location: 2F
1-2: Ground out 5-3 (Groundball, 56, EV 86.3 MPH)
Batting: LHB Sean Casey 0-0: Called Strike
0-1: Ball
1-1: Ball
2-1: Foul Ball, location: 2F
2-2: Ball
3-2: SINGLE (Line Drive, 9LM, EV 99.4 MPH)
Pitching: RHP Tim Wakefield
Batting: RHB Ozzie Timmons 0-0: Called Strike
0-1: Ball
1-1: Swinging Strike
1-2: Fly out, F7 (Line Drive, 7, EV 88.1 MPH)
Bottom of the 8th over - 0 runs, 1 hit, 0 errors, 1 left on base; Asheville 7 - Jacksonville 0
TOP OF THE 9TH
Asheville Moonshiners batting - Pitching for Jacksonville Suns : RHP Shayne Bennett
Pinch Hitting: LHB Billy McMillon 0-0: Foul Ball, location: 2F
0-1: Ball
1-1: Fly out, F8 (Line Drive, 8LD, EV 100.6 MPH)
Batting: SHB Wilton Guerrero 0-0: Called Strike
0-1: Ball
1-1: Ball
2-1: Fly out, F6 (Line Drive, 6, EV 68.8 MPH)
Batting: LHB Randall Simon 0-0: Fly out, F8 (Line Drive, 8RM, EV 109.4 MPH)
Top of the 9th over - 0 runs, 0 hits, 0 errors, 0 left on base; Asheville 7 - Jacksonville 0
BOTTOM OF THE 9TH
Jacksonville Suns batting - Pitching for Asheville Moonshiners : RHP Tim Wakefield
Now in RF: Billy McMillon
Batting: RHB Angel Echevarria 0-0: Foul Ball, location: 2F
0-1: Ground out 1-3 (Groundball, 13, EV 83.8 MPH)
Batting: LHB Ryan McGuire 0-0: Swinging Strike
0-1: Ball
1-1: Foul Ball, location: 2F
1-2: Ball
2-2: Ball
3-2: Base on Balls
Batting: RHB Jeff Reboulet 0-0: Called Strike
0-1: Swinging Strike
Ryan McGuire steals 2nd base (no throw)
0-2: Foul Ball, location: 2F
0-2: Strikes out swinging
Batting: SHB Mandy Romero 0-0: Ball
1-0: Foul Ball, location: 2F
1-1: Ball
2-1: Foul Ball, location: 2F
2-2: Foul Ball, location: 2F
2-2: Foul Ball, location: 2F
2-2: Ball
3-2: 2-RUN HOME RUN (Flyball, 9D, EV 93.8 MPH), Distance : 367 ft
Batting: RHB Jorge Velandia 0-0: Called Strike
0-1: Ball
1-1: Ground out 1-3 (Groundball, P, EV 71.9 MPH)
Bottom of the 9th over - 2 runs, 1 hit, 0 errors, 0 left on base; Asheville 7 - Jacksonville 2
Monday, March 2nd, 2026 - OOTP Baseball 20.8 Build 74